 Dungeon Crawl Stone Soup version 0.31-a0-1027-gfb7600b534 (webtiles) character file.

Game seed: 1481773310064450532

4711 Conn the Sneak (level 10, -5/63 HPs)
             Began as an Octopode Fire Elementalist on Nov 18, 2023.
             Was a Follower of Sif Muna.
             Slain by a two-headed ogre
             ... wielding a +0 giant club
              (31 damage)
             ... on level 8 of the Dungeon.
             The game lasted 00:19:23 (8124 turns).

Conn the Sneak (Octopode Fire Elementalist)         Turns: 8124, Time: 00:19:24

Health: -5/63      AC:  1    Str: 13    XL:     10   Next: 45%
Magic:  16/19      EV: 17    Int: 29    God:    Sif Muna [*.....]
Gold:   407        SH:  0    Dex: 12    Spells: 8/21 levels left

rFire   . . .        u - +10 zealot's sword {holy, Zealotry, *Rage rN+ EV+3}
rCold   + . .        (no shield)
rNeg    + . .        (helmet restricted)
rPois   +            (no amulet)
rElec   .            d - ring of poison resistance
rCorr   .            l - +6 ring of strength
SInv    .            s - +6 ring of intelligence
Will    .....        v - ring of protection from cold
Stlth   ++++         (no ring)
HPRegen 0.30/turn    (no ring)
MPRegen 0.16/turn    (no ring)
                     (no ring)

%: random rage (20%)
@: on berserk cooldown, slowed, very slow
A: almost no armour, amphibious, 8 rings, camouflage 1, gelatinous body 1,
(nimble swimmer 1), tentacles
a: Renounce Religion, Channel Magic


You were on level 8 of the Dungeon.
You worshipped Sif Muna.
Sif Muna was aware of your devotion.
You visited 2 branches of the dungeon, and saw 10 of its levels.

You collected 407 gold pieces.

Inventory:

Hand Weapons
 b - a +0 long sword
 c - a +0 dagger
 o - a +2 dagger of flaming
 u - the +10 zealot's sword (weapon) {holy, Zealotry, *Rage rN+ EV+3}
   (You took it off a kobold on level 4 of the Dungeon)

   Zealotry:  Whenever the wielder enters a berserk rage, their allies are
   berserked alongside them.
   EV+3:      It affects your evasion (+3).
   rN+:       It protects you from negative energy.
   *Rage:     It berserks you when you make melee attacks (+20% chance).
Missiles
 n - 3 silver javelins
 E - a curare-tipped dart (quivered)
Jewellery
 d - a ring of poison resistance (left tentacle)
 l - a +6 ring of strength (right tentacle)
 s - a +6 ring of intelligence (on tentacle)
 v - a ring of protection from cold (on tentacle)
 F - a ring of protection from cold
Wands
 y - a wand of flame (13)
 B - a wand of paralysis (6)
Scrolls
 e - 2 scrolls of poison
 f - 7 scrolls of teleportation
 h - 4 scrolls of enchant armour {unknown}
 i - a scroll of blinking {unknown}
 k - a scroll of silence {unknown}
 m - a scroll of torment {unknown}
 p - a scroll of fear {unknown}
 q - 2 scrolls of vulnerability {unknown}
 t - a scroll of enchant weapon {unknown}
 x - 3 scrolls of identify {unknown}
 A - a scroll of noise {unknown}
 D - a scroll of fog {unknown}
Potions
 a - a potion of magic
 g - a potion of heal wounds
 j - 3 potions of curing {unknown}
 r - 2 potions of might {unknown}
 w - a potion of haste {unknown}
 z - a potion of lignification {unknown}
 C - a potion of degeneration {unknown}


   Skills:
 + Level 4.1 Fighting
 - Level 1.4(2.7) Short Blades
 + Level 3.6(3.8) Long Blades
 + Level 5.1 Dodging
 + Level 7.0 Stealth
 * Level 6.2 Spellcasting
 * Level 6.5 Conjurations
 + Level 3.0 Hexes
 + Level 5.2 Fire Magic
 + Level 3.1 Air Magic
 - Level 3.0 Poison Magic
 * Level 3.2 Invocations


You had 8 spell levels left.
You knew the following spells:

 Your Spells              Type           Power      Damage    Failure   Level
a - Foxfire               Conj/Fire      100%       2x1d9     1%          1
b - Scorch                Fire           78%        2d8       1%          2
c - Inner Flame           Hex/Fire       33%        N/A       3%          3
d - Flame Wave            Conj/Fire      43%        2d11      4%          4
e - Mephitic Cloud        Conj/Pois/Air  33%        N/A       3%          3

Your spell library contained the following spells:

 Spells                   Type           Power      Damage    Failure   Level
 Poisonous Vapours        Pois/Air       52%        N/A       2%          2
 Sticky Flame             Conj/Fire      43%        2d6       4%          4
 Volatile Blastmotes      Fire/Tloc      48%        2d14      5%          3
 Fulminant Prism          Conj/Hex       18%        3d10      8%          4
 Sublimation of Blood     Necr           9%         N/A       9%          2
 Wereblood                Tmut           9%         N/A       9%          2
 Iskenderun's Mystic Bla  Conj/Tloc      27%        2d7       14%         4
 Freezing Cloud           Conj/Ice/Air   13%        6-21      38%         5
 Irradiate                Conj/Tmut      13%        3d16      38%         5
 Petrify                  Tmut/Erth      9%         N/A       50%         4


Dungeon Overview and Level Annotations

Branches:
Dungeon (9/15)             Temple (1/1) D:7
   Lair: D:8-11         Orc: D:9-12

Altars:
Ashenzari
Cheibriados
Dithmenos
Elyvilon
Fedhas
Gozag
Hepliaklqana
Kikubaaqudgha
Makhleb
Nemelex Xobeh
Okawaru
Qazlal
Ru
Sif Muna
Trog
Vehumet
Wu Jian
Xom
Yredelemnul
Zin
The Shining One


Innate Abilities, Weirdness & Mutations

You cannot wear most types of armour.
You are amphibious.
You can wear up to eight rings at the same time.
Your skin changes colour to match your surroundings (Stealth+).
Your rubbery body absorbs attacks. (AC +1, EV +1)
((You are camouflaged when in or above water. (Stealth+)))
You have tentacles for arms and can constrict up to eight enemies at once.


Message History

You feel a strong urge to attack something.
f - 7 scrolls of teleportation (gained 1)
You feel your anger nearly subside.
You are no longer berserk.
You are exhausted.
You feel yourself slow down.
You pick up a book of Alchemy and begin reading...
You add the spells Sublimation of Blood and Petrify to your library.
Found a book of Flames.
You pick up a book of Flames and begin reading...
You add the spell Sticky Flame to your library.
The two-headed ogre shouts in stereo!
You hit the two-headed ogre. You squeeze the two-headed ogre.
The two-headed ogre is lightly wounded.
The two-headed ogre completely misses you.
The two-headed ogre closely misses you.
You hit the two-headed ogre. You squeeze the two-headed ogre!
The two-headed ogre is heavily wounded.
The two-headed ogre hits you with a +0 giant club!!
The two-headed ogre hits you with a +0 giant club!
Casting: Foxfire (safe; 1% risk of failure)
Confirm with . or Enter, or press ? or * to list all spells.
Okay, then.
Unknown command.
Okay, then.
Unknown command.
Unknown command.
Casting: Foxfire (safe; 1% risk of failure)
Confirm with . or Enter, or press ? or * to list all spells.
Aiming: Mephitic Cloud (dangerous; 3% risk of failure)
Press: ? - help, Shift-Dir - straight line, f - two-headed ogre
Aim: a two-headed ogre, wielding two +0 giant clubs (heavily wounded, chance to affect: 53%)
The ball explodes into a vile cloud!
The stinking cloud engulfs the two-headed ogre but does no damage.
The two-headed ogre is heavily wounded.
The stinking cloud engulfs you but does no damage.
The two-headed ogre is engulfed in noxious fumes.
The two-headed ogre barely misses you.
The two-headed ogre hits you with a +0 giant club!!
You die...

#.........#
#.........# #
#.........#.##
#............#
#####.....###...
..........### #.
............##....
.....§☼........#
.....§O@....####
.....☼☼☼....#
............#
......#######
...... ######


You could see a two-headed ogre.

Vanquished Creatures
  A two-headed ogre (D:8)
  Maggie (D:6)
  A troll (D:6)
  4 yaks
  Menkaure (D:7)
  2 water moccasins (D:5)
  3 orc warriors
  An ice beast (D:5)
  3 black bears
  4 ogres
  A kobold brigand (D:9)
  Blork the orc (D:5)
  3 bullfrogs
  3 scorpions
  5 wights (D:8)
  4 howler monkeys
  2 hounds (D:6)
  Crazy Yiuf (D:7)
  4 jellies
  5 orc priests
  5 iguanas
  A sleepcap (D:7)
  Natasha (twice) (D:3)
  2 orc wizards (D:8)
  4 gnolls (D:5)
  6 adders
  A shadow imp (D:6)
  2 ufetubi (D:6)
  3 worms
  2 dart slugs
  23 orcs
  6 ball pythons
  10 endoplasms
  3 giant cockroaches
  11 goblins
  7 hobgoblins
  10 jackals
  7 kobolds
  5 quokkas (D:1)
  5 bats
  3 frilled lizards
  6 rats
174 creatures vanquished.

Vanquished Creatures (others)
  280 foxfires
280 creatures vanquished.

Grand Total: 454 creatures vanquished

Notes
Turn   | Place    | Note
-------+----------+-------------------------------------------
     0 | D:1      | Conn the Octopode Fire Elementalist began the quest for the
                  | Orb.
     0 | D:1      | Reached XP level 1. HP: 11/11 MP: 3/3
   480 | D:1      | Reached XP level 2. HP: 17/17 MP: 0/5
   596 | D:1      | Reached skill level 3 in Stealth
   658 | D:1      | Learned a level 2 spell: Scorch
   921 | D:1      | Reached XP level 3. HP: 21/21 MP: 6/6
  1277 | D:1      | You fall into a shaft and drop 1 floor!
  1712 | D:2      | Reached XP level 4. HP: 15/27 MP: 6/8
  2258 | D:3      | Noticed Natasha
  2264 | D:3      | Killed Natasha
  2343 | D:3      | Reached XP level 5. HP: 26/31 MP: 4/9
  2816 | D:3      | Noticed Natasha
  2823 | D:3      | Killed Natasha
  3231 | D:4      | Learned a level 3 spell: Inner Flame
  3236 | D:4      | Learned a level 4 spell: Flame Wave
  3606 | D:4      | Reached skill level 4 in Stealth
  3606 | D:4      | Reached XP level 6. HP: 37/37 MP: 10/10
  3695 | D:4      | Reached skill level 1 in Fighting
  3749 | D:4      | Reached skill level 1 in Short Blades
  3980 | D:4      | Noticed a yak
  3992 | D:4      | Killed a yak
  3993 | D:4      | Reached XP level 7. HP: 12/43 MP: 1/12
  4606 | D:5      | Entered Level 5 of the Dungeon
  4826 | D:5      | Reached skill level 1 in Long Blades
  4828 | D:5      | Noticed Blork the orc
  4849 | D:5      | Killed Blork the orc
  4977 | D:5      | Reached skill level 5 in Stealth
  4977 | D:5      | Reached XP level 8. HP: 50/50 MP: 7/14
  5107 | D:5      | Learned a level 3 spell: Mephitic Cloud
  5557 | D:5      | Reached skill level 1 in Poison Magic
  5884 | D:6      | Noticed a troll
  5888 | D:6      | Killed a troll
  5889 | D:6      | Reached skill level 1 in Hexes
  5889 | D:6      | Reached skill level 1 in Air Magic
  5916 | D:6      | Reached skill level 5 in Conjurations
  5925 | D:6      | Reached skill level 5 in Spellcasting
  5925 | D:6      | Reached XP level 9. HP: 26/56 MP: 1/16
  6389 | D:6      | Noticed Maggie
  6404 | D:6      | Killed Maggie
  6405 | D:6      | Reached skill level 6 in Stealth
  6792 | D:7      | Found a staircase to the Ecumenical Temple.
  6798 | D:7      | Noticed Menkaure
  6801 | Temple   | Entered the Ecumenical Temple
  6806 | Temple   | Became a worshipper of Sif Muna the Loreminder
  6816 | D:7      | Killed Menkaure
  6939 | D:7      | Found a runed translucent door.
  6940 | D:7      | Noticed Crazy Yiuf
  6946 | D:7      | Killed Crazy Yiuf
  7060 | D:7      | Reached skill level 1 in Invocations
  7238 | D:7      | Found a broken altar of Ashenzari.
  7247 | D:7      | Found a snail-covered altar of Cheibriados.
  7447 | D:8      | Noticed a two-headed ogre
  7590 | D:9      | Reached skill level 5 in Fire Magic
  7596 | D:9      | Reached XP level 10. HP: 58/63 MP: 1/18
  7760 | D:8      | Reached * piety under Sif Muna
  7761 | D:8      | Noticed a two-headed ogre
  7769 | D:8      | Killed a two-headed ogre
  7770 | D:8      | Reached skill level 5 in Dodging
  7946 | D:8      | Reached skill level 7 in Stealth
  8124 | D:8      | Slain by a two-headed ogre

Illustrated notes

Levels and vault maps discovered:
D:1:      saegor_arrival_fortress, layout_loops_corners,
          minmay_misc_feat_four_crosses
D:2:      layout_basic
D:3:      layout_basic, serial_corexii_hall, corexii_hall_statues_t,
          chequers_hall_statues_wall_a, chequers_serial_rivers_large_a,
          uniq_natasha
D:4:      minmay_door_path, layout_loops_corners, minmay_small_thing
D:5:      kennysheep_six_static_rooms, layout_layer_cave, uniq_blork_the_orc
D:6:      layout_cave_pools, minmay_misc_feat_plants, uniq_maggie
D:7:      layout_cave_pools, mainiacjoe_overflow_big_doors,
          minmay_temple_entry_grid, uniq_menkaure, uniq_crazy_yiuf_cottage
D:8:      layout_basic, nicolae_uskayaw_suspiria
D:9:      layout_layer_cave, chequers_serial_rivers_small_3
Temple:   nicolae_temple_bog_church

Skill      XL: |  1  2  3  4  5  6  7  8  9 10 |
---------------+-------------------------------+-----
Stealth        | 3 4 5 6 7 |  7.0
Conjurations   | 2 3 4 5 6 |  6.5
Spellcasting   | 3 4 5 6 |  6.2
Dodging        | 3 4 5 |  5.1
Fighting       | 1 2 3 4 |  4.1
Short Blades   | 1 |  1.4
Fire Magic     | 4 5 |  5.2
Long Blades    | 1 2 3 |  3.6
Poison Magic   | 1 3 |  3.0
Hexes          | 1 2 3 |  3.0
Air Magic      | 1 2 3 |  3.1
Invocations    | 2 3 |  3.2

Action                     |  1- 3 |  4- 6 |  7- 9 | 10-12 || total
---------------------------+-------+-------+-------+-------++-------
  Melee: Dagger            |    44 |    48 |       |       ||    92
         Constrict         |    12 |    10 |    18 |     1 ||    41
         Tentacles         |    13 |    10 |    13 |     3 ||    39
         Eudemon blade     |       |       |    66 |    25 ||    91
  Throw: Javelin           |       |       |     3 |       ||     3
   Cast: Foxfire           |    47 |    26 |    82 |     5 ||   160
         Scorch            |     3 |    14 |    26 |       ||    43
         Inner Flame       |       |     1 |     9 |     1 ||    11
         Mephitic Cloud    |       |       |     4 |     1 ||     5
         Flame Wave        |       |       |     2 |     2 ||     4
    Use: Scroll            |     2 |       |     1 |       ||     3
         Potion            |       |       |     1 |       ||     1
   Stab: Sleeping          |    12 |    12 |     8 |       ||    32
 Armour: Skin              |    24 |    24 |    32 |     9 ||    89
  Dodge: Dodged            |    30 |    28 |    95 |    19 ||   172

Table legend: (Time is in decaauts)
 A = Elapsed time spent in this place.
 B = Non-inter-level travel time spent in this place.
 C = Inter-level travel time spent in this place.
 D = Time resting spent in this place.
 E = Time spent auto-exploring this place.
 F = Levels seen in this place.
 G = Mean time per level.
                   A        B        C        D        E       F      G
               +--------+--------+--------+--------+--------+-----+--------+
         Total |   8223 |   8003 |    220 |    191 |   6071 |  10 |  822.3 |
       Dungeon |   8212 |   7992 |    220 |    191 |   6071 |   9 |  912.4 |
        Temple |     11 |     11 |      0 |      0 |      0 |   1 |   11.0 |
               +--------+--------+--------+--------+--------+-----+--------+

Top non-repeatable levels by time:
     D:1: 1453 daAuts
     D:4: 1378 daAuts
     D:5: 1329 daAuts
     D:3: 950 daAuts
     D:7: 834 daAuts
     D:2: 828 daAuts
     D:6: 734 daAuts
     D:8: 405 daAuts
     D:9: 298 daAuts
  Temple: 11 daAuts
